 Dungeon Crawl Stone Soup version bcrawl-1.12-5-g74a5124548 (webtiles) character file.

Game seed: 149042747735724592

39 Arkanax the Skirmisher (level 3, -4/31 HPs)
             Began as a Hill Orc Archaeologist on June 1, 2019.
             Slain by a scorpion (8 damage)
             ... on level 2 of the Dungeon.
             The game lasted 00:01:17 (1010 turns).

Arkanax the Skirmisher (Hill Orc Archaeologist)     Turns: 1010, Time: 00:01:18

Health: -4/31      AC: 15    Str: 14    XL:     3   Next: 45%
Magic:  3/3        EV: 12    Int: 14    God:
Gold:   45         SH:  0    Dex:  9    Spells: 2/2 levels left

rFire    . . .     SeeInvis .   k - +1 short sword (protect)
rCold    . . .     Gourm    .   (no shield)
rNeg     . . .     Faith    .   a - +1 robe
rPois    .         Spirit   .   b - +1 hat
rElec    .         Reflect  .   (no cloak)
rCorr    .         Harm     .   d - +1 pair of gloves
MR       .....                  c - +1 pair of boots
Stlth    ++........             (no amulet)
HPRegen  0.10/turn              (no ring)
MPRegen  0.08/turn              (no ring)

@: lethally poisoned (-4 -> -18), protection aura, studying Fighting
A: no striking features
a: no special abilities


You were on level 2 of the Dungeon.
You were hungry.

You visited 1 branch of the dungeon, and saw 2 of its levels.

You collected 45 gold pieces.

Inventory:

Hand Weapons
 i - a +0 short sword
 k - a +1 short sword of protection (weapon)
Armour
 a - a +1 robe (worn)
 b - a +1 hat (worn)
 c - a +1 pair of boots (worn)
 d - a +1 pair of gloves (worn)
Jewellery
 p - an uncursed amulet of the gourmand {unknown}
Scrolls
 h - 3 scrolls of identify {unknown}
 m - a scroll of remove curse {unknown}
Potions
 j - a potion of mutation {unknown}
 l - a potion of haste {unknown}
 n - a potion of brilliance {unknown}
 o - a potion of curing {unknown}
Books
 e - a manual of Fighting
Miscellaneous
 f - an ancient crate
Comestibles
 g - a ration {!d}


   Skills:
 + Level 3.0 Fighting
   Level 3.0 Short Blades
   Level 3.0 Long Blades
   Level 3.0 Axes
   Level 3.0 Maces & Flails
   Level 3.0 Polearms
   Level 3.0 Staves
 - Level 2.4 Dodging
 - Level 2.6 Stealth
   Level 3.0 Unarmed Combat


You had 2 spell levels left.
You didn't know any spells.
Your spell library was empty.

Dungeon Overview and Level Annotations

Branches:
Dungeon (2/12)

Altars:


Message History

You are too injured to fight recklessly!
You are too injured to fight recklessly!
You are too injured to fight recklessly!
You are too injured to fight recklessly!
You are too injured to fight recklessly!
You are too injured to fight recklessly!
You are too injured to fight recklessly!
You are too injured to fight recklessly!
You are too injured to fight recklessly!
You hit the hobgoblin.
The hobgoblin is heavily wounded.
The scorpion stings you!
* * * LOW HITPOINT WARNING * * *
You are more poisoned.
The scorpion poisons you! The hobgoblin closely misses you.
You hit the hobgoblin but do no damage.
The hobgoblin is heavily wounded.
* * * LOW HITPOINT WARNING * * *
You feel sick. The scorpion stings you!
You die...

###...#####..........#.......#...
#..............#.....#.......#...
#.....####.$.###.##.##.......#...
#.....#......###.##.##.......# .
#.....#.##.#..##.##.##.........
#....... #.##....#..##.........
###....###.###.†.#.# #.##.##...
#..... ..####.g.)###
##............@s...#
..#......##.†♣..P..P..
.####)....P....♣.♣..P#
#.(.♣...≈≈♣♣ ..P #....♣.P≈≈≈ ..
#.......≈≈≈≈ . .......P.≈≈♣≈ ...
.. ..≈≈.!


You could see a scorpion and a hobgoblin.

Vanquished Creatures
  2 dart slugs
  A leopard gecko (D:1)
  7 bats
  5 goblins
  5 hobgoblins
  2 jackals (D:1)
  5 frilled lizards
  5 kobolds
  2 rats (D:2)
34 creatures vanquished.

Notes
Turn   | Place    | Note
-------+----------+-------------------------------------------
     0 | D:1      | Arkanax the Hill Orc Archaeologist began the quest for the
                  | Orb.
     0 | D:1      | Reached XP level 1. HP: 15/15 MP: 1/1
    58 | D:1      | Reached skill level 1 in Fighting
   123 | D:1      | Reached XP level 2. HP: 15/23 MP: 2/2
   403 | D:1      | Reached skill level 2 in Fighting
   658 | D:1      | Reached XP level 3. HP: 30/30 MP: 3/3
   994 | D:2      | Noticed a scorpion
  1001 | D:2      | Reached skill level 3 in Fighting
  1010 | D:2      | Slain by a scorpion

Skill      XL: |  1  2  3 |
---------------+----------+-----
Fighting       | 1 2 3 |  3.0
Short Blades   | |  3.0
Long Blades    | |  3.0
Axes           | |  3.0
Maces & Flails | |  3.0
Polearms       | |  3.0
Staves         | |  3.0
Dodging        | |  2.4
Stealth        | |  2.6
Unarmed Combat | |  3.0

Action                   || total
-------------------------++-------
Melee: Unarmed           ||    68
       Short sword       ||    83
 Stab: Sleeping          ||     5
Armor: Robe              ||    63
Dodge: Dodged            ||   123
